 Dungeon Crawl Stone Soup version 0.29-a0-393-g47a863cc1b (webtiles) character file.

Game seed: 5172784679084813095

278 zeratav the Archer (level 6, -1/35 HPs)
             Began as a Tengu Hunter on May 9, 2022.
             Was an Initiate of Hepliaklqana.
             Succumbed to a killer bee's poison
             ... on level 4 of the Dungeon.
             The game lasted 00:07:09 (4464 turns).

zeratav the Archer (Tengu Hunter)                   Turns: 4464, Time: 00:07:11

Health: -1/35      AC:  4    Str: 11    XL:     6   Next: 26%
Magic:  7/7        EV: 14    Int:  9    God:    Hepliaklqana [......]
Gold:   194        SH:  0    Dex: 20    Spells: 5/5 levels left

rFire   . . .      SeeInvis .   a - +1 shortbow {bow}
rCold   . . .      Faith    .   (shield currently unavailable)
rNeg    . . .      Spirit   .   b - +0 leather armour
rPois   .          Reflect  .   (helmet restricted)
rElec   .          Harm     .   (no cloak)
rCorr   .          Rampage  .   C - +0 pair of gloves
Will    .....                   (boots unavailable)
Stlth   ++........              (no amulet)
HPRegen 0.11/turn               (no ring)
MPRegen 0.10/turn               (no ring)

@: lethally poisoned (-1 -> -19), flying quickly and evasively, quick
A: beak, talons 3, nimble flight
a: Renounce Religion


You were on level 4 of the Dungeon.
You worshipped Hepliaklqana.
Hepliaklqana was noncommittal.
You visited 2 branches of the dungeon, and saw 6 of its levels.

You collected 194 gold pieces.


Innate Abilities, Weirdness & Mutations

You have a beak for a mouth.
You have claws for feet.
Your magical nature lets you fly swiftly and evasively.


   Skills:
 - Level 2.0 Fighting
 + Level 8.1 Bows
 - Level 2.1 Dodging
 - Level 1.0 Stealth


You had 5 spell levels left.
You didn't know any spells.
Your spell library contained the following spells:

 Spells                   Type           Power      Damage    Failure   Level
 Magic Dart               Conj           0%         1d3       47%         1
 Ensorcelled Hibernation  Hex/Ice        0%         N/A       63%         2
 Searing Ray              Conj           0%         2d4       63%         2
 Spider Form              Tmut/Pois      0%         N/A       85%         3
 Anguish                  Hex/Necr       0%         N/A       99%         4
 Fulminant Prism          Conj/Hex       0%         3d6       99%         4

Inventory:

Hand Weapons
 a - a +1 shortbow (weapon) {bow}
Armour
 b - a +0 leather armour (worn)
 C - a +0 pair of gloves (worn)
   (You found it on level 4 of the Dungeon)
Jewellery
 s - a ring of wizardry
   (You found it on level 3 of the Dungeon)
Scrolls
 c - 2 scrolls of immolation {!r!r}
 d - a scroll of magic mapping {!r}
 e - a scroll of enchant weapon {unknown}
 g - 2 scrolls of fear
 i - a scroll of teleportation {@r4}
 m - 2 scrolls of vulnerability {!r!r}
 v - a scroll of enchant armour
Potions
 h - a potion of ambrosia {unknown}
 j - a potion of attraction {unknown}
 l - 3 potions of flight {unknown}
 n - a potion of degeneration {unknown}
 p - 2 potions of heal wounds {unknown}
 u - a potion of brilliance {unknown}
 z - a potion of mutation {unknown}

Dungeon Overview and Level Annotations

Branches:
Dungeon (5/15)             Temple (1/1) D:4

Altars:
Ashenzari
Cheibriados
Dithmenos
Elyvilon
Fedhas
Gozag
Hepliaklqana
Kikubaaqudgha
Makhleb
Nemelex Xobeh
Okawaru
Qazlal
Ru
Trog
Uskayaw
Vehumet
Wu Jian
Xom
Yredelemnul
Zin
The Shining One

Shops:
D:4 [[[

Annotations:
D:4 1 runed translucent door, Crazy Yiuf

.......#...#### .#.8.#...###..##
##### # .......###
#...#######...######## #.#.#...#
##.................... #.......#
#..)..........######. ##.#....#
#...#####.##### ## ##......#
##..###....## .......##
##..###y.....# ## .......#
#...##@y###+### ###.
.......####..###y##≈≈.≈≈# ###...
....#....#...##.55#≈≈.≈≈####...##
..#####.........#.'..§§.'.##..##
.## ##........###§≈.§§#.##..# .#
#...###.## #≈≈.≈≈#.##..#
.#######..## ########'###.....#
.........## #......##......#
........## #.....####....>##


You could see 3 killer bees, a shadow imp and an ufetubus.


Message History

You fly upwards.
Level annotation: 1 runed translucent door, Crazy Yiuf
There is a stone staircase leading down here.
You shoot an arrow. The arrow hits the orc!
You kill the orc!
You start resting.
HP[+3]
Your hp is fully restored (35).
You fly downwards.
The phantom hits you.
The phantom blinks!
You blink.
An adder comes into view.
HP[-2]
You take 2 damage, and now have 33/35 hp.
The phantom hits you.
HP[-4]
You take 4 damage, and now have 29/35 hp.
The orc wizard shouts!
The orc priest barely misses you. The orc wizard casts a spell at you.
The magic dart hits you! The phantom hits you.
* * * LOW HITPOINT WARNING * * *
The phantom blinks!
You blink.
HP[-14]
You take 14 damage, and now have 15/35 hp.
MASSIVE DAMAGE!! (PAUSE)
The phantom closely misses you. The phantom misses you.
As you read the scroll of fear, it crumbles to dust.
You assume a fearsome visage.
The adder looks frightened!
The orc priest looks frightened!
The orc looks frightened!
The phantom is unaffected.
The phantom is unaffected.
The phantom barely misses you. The phantom hits you.
* * * LOW HITPOINT WARNING * * *
HP[-4]
You take 4 damage, and now have 11/35 hp.
The phantom hits you.
* * * LOW HITPOINT WARNING * * *
The phantom misses you.
HP[-6]
You take 6 damage, and now have 5/35 hp.
The phantom closely misses you.
HP[+1]
There is a stone staircase leading up here.
You fly upwards.
Level annotation: 1 runed translucent door, Crazy Yiuf
There is a stone staircase leading down here.
You start resting.
HP[+29]
Your hp is fully restored (35).
There is a stone staircase leading down here.
You fly downwards.
The killer bee buzzes angrily.
The shadow imp shouts!
You hear an angry buzzing noise.
A killer bee comes into view.
Found a robe, a pair of runed gloves, a quarterstaff and 2 poisoned darts.
Found a stone staircase leading up.
A killer bee comes into view.
There is a stone staircase leading up here.
You shoot an arrow. The killer bee buzzes angrily. x2
The arrow hits the killer bee.
You hear an angry buzzing noise.
You shoot an arrow.
The arrow closely misses the killer bee.
The killer bee misses you. The killer bee completely misses you.
You shoot an arrow. The arrow hits the killer bee!
The killer bee stings you.
You are poisoned.
The killer bee poisons you! The killer bee barely misses you.
The killer bee stings you.
You are more poisoned.
The killer bee poisons you!
HP[-10]
You take 10 damage, and now have 25/35 hp.
MASSIVE DAMAGE!! (PAUSE)
You feel very sick. The killer bee stings you.
* * * LOW HITPOINT WARNING * * *
The killer bee stings you but does no damage.
The shadow imp shouts, "Flee, thou artless crow-beaked tinkerer!"
The shadow imp completely misses you.
The ufetubus hits you but does no damage.
The ufetubus barely misses you. The killer bee stings you.
* * * LOW HITPOINT WARNING * * *
You are lethally poisoned!
The killer bee poisons you! The killer bee stings you.
* * * LOW HITPOINT WARNING * * *
You fly upwards.
Level annotation: 1 runed translucent door, Crazy Yiuf
* * * LOW HITPOINT WARNING * * *
You feel extremely sick.
There is a stone staircase leading down here.
HP[-22]
You take 22 damage, and now have 3/35 hp.
MASSIVE DAMAGE!! (PAUSE) Shoot: a) +1 shortbow {bow}
Press: ? - help, Q - select action Shift-Dir - straight line, f - killer bee
Aim: a killer bee (45% to hit)
You shoot an arrow. The arrow misses the killer bee.
You die...

Skill      XL: |  1  2  3  4  5 |
---------------+----------------+-----
Bows           | 5 6 7 8 |  8.1
Fighting       | |  2.0
Dodging        | |  2.1
Stealth        | |  1.0

Action                   |  1- 3 |  4- 6 || total
-------------------------+-------+-------++-------
 Fire: Shortbow          |   107 |    73 ||   180
  Use: Scroll            |       |     9 ||     9
Armor: Leather armour    |    12 |     4 ||    16
Dodge: Dodged            |    23 |    29 ||    52

Levels and vault maps discovered:
D:1:      amcnicky_arrival_double_pillar, layout_basic
D:2:      layout_basic, hellmonk_ecumenical_altar_arch_garden
D:3:      layout_basic, grunt_decor_resistance
D:4:      layout_layer_cave, minmay_temple_entry_sparse_star, serial_shops,
          shop, kennysheep_little_box, shop, hangedman_abyss_or_decor_passed,
          uniq_crazy_yiuf_cottage
D:5:      layout_rooms, minmay_misc_feat_room, hangedman_decor_slide_cut,
          uniq_grinder, uniq_menkaure, uniq_sigmund
Temple:   minmay_crystal_snake_temple

Notes
Turn   | Place    | Note
-------+----------+-------------------------------------------
     0 | D:1      | zeratav the Tengu Hunter began the quest for the Orb.
     0 | D:1      | Reached XP level 1. HP: 12/12 MP: 2/2
     0 | D:1      | magus.rc [v1.9.6]
   148 | D:1      | Reached XP level 2. HP: 17/17 MP: 3/3
   297 | D:1      | Reached skill level 5 in Bows
   835 | D:2      | Reached XP level 3. HP: 21/21 MP: 4/4
  1049 | D:2      | Found a faded altar of an unknown god.
  1380 | D:2      | Reached skill level 6 in Bows
  1460 | D:3      | Reached XP level 4. HP: 26/26 MP: 5/5
  1520 | D:3      | You pick up a book of Conjurations {@e2} and begin
                  | reading...
  1520 | D:3      | You add the spells Magic Dart, Searing Ray and Fulminant
                  | Prism to your library.
  1767 | D:3      | You pick up a book of Dreams and begin reading...
  1767 | D:3      | You add the spells Ensorcelled Hibernation, Spider Form and
                  | Anguish to your library.
  2149 | D:4      | Found Ciyrerr's Antique Armour Shoppe.
  2336 | D:4      | Found a staircase to the Ecumenical Temple.
  2345 | Temple   | Entered the Ecumenical Temple
  2542 | Temple   | Became a worshipper of Hepliaklqana the Forgotten
  2809 | D:4      | Noticed a necrophage
  2822 | D:4      | Killed a necrophage
  2823 | D:4      | Reached skill level 7 in Bows
  2823 | D:4      | Gained mutation: Your magical nature lets you fly swiftly
                  | and evasively. [Tengu growth]
  2823 | D:4      | Reached XP level 5. HP: 11/30 MP: 6/6
  3207 | D:4      | Found Ziud's Armour Emporium.
  3410 | D:4      | Found a runed translucent door.
  3411 | D:4      | Noticed Crazy Yiuf
  3534 | D:4      | Found Myitedee's Armour Emporium.
  3928 | D:5      | Entered Level 5 of the Dungeon
  3928 | D:5      | Noticed Menkaure
  3937 | D:5      | Killed Menkaure
  3938 | D:5      | Reached skill level 8 in Bows
  3938 | D:5      | Reached XP level 6. HP: 11/35 MP: 7/7
  4160 | D:5      | HP: 5/35 [phantom (6)]
  4463 | D:4      | HP: 3/35 [poisoned by a killer bee]
  4464 | D:4      | Succumbed to a killer bee's poison

Vanquished Creatures
  Menkaure (D:5)
  A necrophage (D:4)
  3 worms
  A dart slug (D:5)
  2 orcs
  5 bats
  9 endoplasms
  2 giant cockroaches (D:1)
  6 goblins
  8 hobgoblins
  10 jackals
  3 quokkas
  7 ball pythons
  3 frilled lizards
  8 kobolds
  A rat (D:2)
70 creatures vanquished.

Table legend:
 A = Non-vault XP
 B = Vault XP
 C = Vault XP percentage of total XP
 D = Non-vault monster count
 E = Vault monster count
 F = Vault count percentage of total count
                 A         B        C        D         E       F
            +---------+---------+-------+---------+---------+-------
      Total |     226 |     172 |  43.2 |      69 |       1 |   1.4
            +---------+---------+-------+---------+---------+-------
        D:1 |      30 |       0 |   0.0 |      20 |       0 |   0.0
        D:2 |      48 |       0 |   0.0 |      25 |       0 |   0.0
        D:3 |      29 |       0 |   0.0 |      11 |       0 |   0.0
        D:4 |     115 |       0 |   0.0 |      12 |       0 |   0.0
        D:5 |       4 |     172 |  97.7 |       1 |       1 |  50.0
            +---------+---------+-------+---------+---------+-------

Illustrated notes

Table legend:
 A = Kills in this place as a percentage of kills in entire the game.
 B = Kills by you in this place as a percentage of kills by you in the entire game.
 C = Kills by friends in this place as a percentage of kills by friends in the entire game.
 D = Other kills in this place as a percentage of other kills in the entire game.
 E = Experience gained in this place as a percentage of experience gained in the entire game.
 F = Experience gained in this place divided by the number of levels of this place that you have seen.
                   A       B       C       D       E      F
               +-------+-------+-------+-------+-------+----------------------
         Total | 100.0 | 100.0 |   N/A |   N/A | 100.0 |  66.3
       Dungeon | 100.0 | 100.0 |   N/A |   N/A | 100.0 |  79.6
               +-------+-------+-------+-------+-------+----------------------

Table legend: (Time is in decaauts)
 A = Elapsed time spent in this place.
 B = Non-inter-level travel time spent in this place.
 C = Inter-level travel time spent in this place.
 D = Time resting spent in this place.
 E = Time spent auto-exploring this place.
 F = Levels seen in this place.
 G = Mean time per level.
                   A        B        C        D        E       F      G
               +--------+--------+--------+--------+--------+-----+--------+
         Total |   4452 |   4324 |    128 |   1111 |   2796 |   6 |  742.0 |
       Dungeon |   4229 |   4141 |     88 |   1111 |   2633 |   5 |  845.8 |
        Temple |    222 |    183 |     39 |      0 |    163 |   1 |  222.0 |
               +--------+--------+--------+--------+--------+-----+--------+

Top non-repeatable levels by time:
     D:4: 1953 daAuts
     D:2: 790 daAuts
     D:1: 683 daAuts
     D:3: 587 daAuts
  Temple: 222 daAuts
     D:5: 215 daAuts
